 Dungeon Crawl Stone Soup version 0.29-a0-330-g52719c12eb (webtiles) character file.

Game seed: 3184563095972845719

4 kae the Sneak (level 1, -1/9 HPs)
             Began as a Spriggan Enchanter on Apr 19, 2022.
             Slain by a hobgoblin (4 damage)
             ... on level 1 of the Dungeon.
             The game lasted 00:00:12 (74 turns).

kae the Sneak (Spriggan Enchanter)                    Turns: 74, Time: 00:00:12

Health: -1/9       AC:  2    Str:  4    XL:     1   Next: 58%
Magic:  5/5        EV: 17    Int: 16    God:
Gold:   0          SH:  0    Dex: 15    Spells: 5/5 levels left

rFire   . . .      SeeInvis +   a - +1 dagger
rCold   . . .      Faith    .   (no shield)
rNeg    . . .      Spirit   .   b - +0 robe
rPois   .          Reflect  .   (helmet restricted)
rElec   .          Harm     .   (no cloak)
rCorr   .          Rampage  .   (gloves unavailable)
Will    .....                   (boots unavailable)
Stlth   +++.......              (no amulet)
HPRegen 0.03/turn               (no ring)
MPRegen 0.09/turn               (no ring)

@: very quick
A: very small, no large weapons, unfitting armour, see invisible, speed 3
a: no special abilities


You were on level 1 of the Dungeon.
You visited 1 branch of the dungeon, and saw 1 of its levels.

Inventory:

Hand Weapons
 a - a +1 dagger (weapon)
Armour
 b - a +0 robe (worn)
Potions
 c - 2 potions of invisibility


   Skills:
 + Level 0.1 Fighting
 * Level 1.4 Short Blades
 + Level 2.8 Dodging
 + Level 4.4 Stealth
 + Level 2.7 Spellcasting
 + Level 3.6 Hexes


You had 5 spell levels left.
You didn't know any spells.
Your spell library contained the following spells:

 Spells                   Type           Power      Damage    Failure   Level
 Confusing Touch          Hex            13%        N/A       13%         3
 Tukima's Dance           Hex            13%        N/A       13%         3
 Ensorcelled Hibernation  Hex/Ice        16%        N/A       14%         2
 Dazzling Flash           Conj/Hex       16%        N/A       26%         3


Dungeon Overview and Level Annotations

Branches:
Dungeon (1/15)

Altars:


Innate Abilities, Weirdness & Mutations

You are very small and have problems with some larger weapons.
You are too small for most types of armour.
You have supernaturally acute eyesight. (SInv)
You cover ground extremely quickly. (Speed+++)


Message History

The jackal bites you.
You miss the jackal.
The jackal is almost dead.
The jackal barely misses you. The jackal closely misses you.
You hit the jackal.
You kill the jackal!
The jackal misses you.
You barely miss the jackal. The jackal misses you.
You miss the jackal. The jackal misses you.
You hit the jackal.
The jackal is severely wounded.
The jackal bites you but does no damage.
The jackal bites you.
You are too injured to fight recklessly!
You hit the jackal.
You kill the jackal!
You are too injured to fight recklessly!
You are too injured to fight recklessly!
You closely miss the rat. The rat closely misses you.
You hit the rat.
You kill the rat!
The hobgoblin hits you but does no damage.
Things that are here:
a rat corpse; a jackal corpse You hit the hobgoblin.
The hobgoblin is moderately wounded.
The hobgoblin barely misses you.
You hit the hobgoblin.
The hobgoblin is heavily wounded.
The hobgoblin barely misses you.
You hit the hobgoblin.
The hobgoblin is almost dead.
The hobgoblin closely misses you.
You closely miss the hobgoblin.
The hobgoblin is almost dead.
The hobgoblin misses you.
You hit the hobgoblin but do no damage.
The hobgoblin is almost dead.
The hobgoblin hits you.
You die...

#...#..#<# .. #.
##.##..##..# #.. .#
.#.#..#..### ...# ..
..##.####..# .... .
..#.#...##.#
.##..#.#.##.###.#.##
..r...#..#.#.###..##
#.....h##.##..###.#
#..#@##.#...#.#
#...#g######.##
#...#..#...# ###
#.......#.###.#
##...##...#
..#....##.# ......#.
.## ######## #


You could see a hobgoblin.

Vanquished Creatures
  3 jackals (D:1)
  A rat (D:1)
4 creatures vanquished.

Notes
Turn   | Place    | Note
-------+----------+-------------------------------------------
     0 | D:1      | kae the Spriggan Enchanter began the quest for the Orb.
     0 | D:1      | Reached XP level 1. HP: 9/9 MP: 5/5
    74 | D:1      | Slain by a hobgoblin

Illustrated notes

Levels and vault maps discovered:
D:1:      erik_arrival_cave_to_civilisation [erik_arrival_cave_to_hall],
          layout_loops_ring, nicolae_ecumenical_snake_handling, kennysheep_boxes

Action                   || total
-------------------------++-------
Melee: Dagger            ||    34
       Punch             ||     1
Armor: Robe              ||     4
Dodge: Dodged            ||    30

Table legend: (Time is in decaauts)
 A = Elapsed time spent in this place.
 B = Non-inter-level travel time spent in this place.
 C = Inter-level travel time spent in this place.
 D = Time resting spent in this place.
 E = Time spent auto-exploring this place.
 F = Levels seen in this place.
 G = Mean time per level.
                   A        B        C        D        E       F      G
               +--------+--------+--------+--------+--------+-----+--------+
         Total |     55 |     55 |      0 |      0 |     19 |   1 |   55.0 |
       Dungeon |     55 |     55 |      0 |      0 |     19 |   1 |   55.0 |
               +--------+--------+--------+--------+--------+-----+--------+

Top non-repeatable levels by time:
     D:1: 55 daAuts
